 Dungeon Crawl Stone Soup version 0.32-a0-931-g5a2cda0630 (webtiles) character file.

Game seed: 5542269134790539421

35672 croobank the Thaumaturge (level 13, -4/90 (92) HPs)
             Began as an Octopode Summoner on Apr 12, 2024.
             Was a High Priest of Ru.
             Slain by a skyshark (7 damage)
             ... on level 2 of the Lair of Beasts on Apr 13, 2024.
             The game lasted 01:27:44 (16241 turns).

croobank the Thaumaturge (Octopode Summoner)       Turns: 16241, Time: 01:27:45

HP:   -4/90 (92)    AC:  6    Str: 13    XL:     13   Next: 85%
MP:   15/27         EV: 18    Int: 40    God:    Ru [*****.]
Gold: 1202          SH:  0    Dex: 19    Spells: 15/32 levels left

rFire   + . .        s - +4 short sword (venom)
rCold   . . .        (no shield)
rNeg    . . .        Z - +1 hat of Impatience {rF+}
rPois   +            (no amulet)
rElec   +            b - +4 ring of protection
rCorr   +            x - +6 ring of intelligence
SInv    .            B - +6 ring of strength
Will    .....        w - +6 ring of intelligence
Stlth   +++++        I - +6 ring of intelligence
HPRegen 0.35/turn    U - ring of poison resistance
MPRegen 0.20/turn    X - +6 ring of dexterity
                     (no ring)

%: inaccuracy (-5)
@: exhausted, resistant, lightly drained, unable to drink
A: almost no armour, amphibious, 8 rings, camouflage 1, gelatinous body 1,
inability to drink after injury 2, unskilled 1, missing an eye, temperature
sensitive, (nimble swimmer 1), tentacles, no forms
a: Renounce Religion, Draw Out Power, Power Leap, Apocalypse


You were on level 2 of the Lair of Beasts.
You worshipped Ru.
Ru was extremely pleased with you.
You visited 2 branches of the dungeon, and saw 15 of its levels.
You also visited: Ossuary.

You collected 1213 gold pieces.
You spent 11 gold pieces at shops.

Inventory:

Hand Weapons
 h - a +5 lajatang
 s - a +4 short sword of venom (weapon)
 t - a +0 heavy war axe
 y - a +4 morningstar
 F - a +2 dagger of holy wrath
 P - a +0 scimitar
 Y - a +5 great mace of holy wrath
Missiles
 q - 32 poisoned darts
 J - 3 curare-tipped darts
 K - 8 javelins
 W - 2 throwing nets
Armour
 Z - the +1 hat of Impatience (worn) {rF+}
   (You found it on level 13 of the Dungeon)

   rF+:       It protects you from fire.
Jewellery
 b - a +4 ring of protection (left tentacle)
 w - a +6 ring of intelligence (on tentacle)
 x - a +6 ring of intelligence (right tentacle)
 B - a +6 ring of strength (on tentacle)
 I - a +6 ring of intelligence (on tentacle)
 S - a ring of fire
 U - a ring of poison resistance (on tentacle)
 X - a +6 ring of dexterity (on tentacle)
Wands
 n - a wand of polymorph (12)
 p - a wand of roots (26)
 E - a wand of quicksilver (7)
 G - a wand of charming (9)
 R - a wand of mindburst (3)
Scrolls
 c - 3 scrolls of revelation
 e - a scroll of poison
 l - 4 scrolls of amnesia
 m - 9 scrolls of teleportation
 o - a scroll of fog
 v - 2 scrolls of noise
 C - 3 scrolls of vulnerability
 O - a scroll of brand weapon
 Q - a scroll of enchant armour
 T - a scroll of enchant weapon
Potions
 a - a potion of magic
 d - 6 potions of mutation
 f - 3 potions of enlightenment
 g - 4 potions of lignification
 j - 5 potions of attraction
 r - 3 potions of brilliance
 A - 2 potions of cancellation {unknown}
 D - 9 potions of curing
 L - 3 potions of haste
 V - a potion of invisibility {unknown}
Miscellaneous
 u - a sack of spiders


   Skills:
 + Level 9.9 Fighting
 + Level 9.9 Dodging
 - Level 9.1 Stealth
 - Level 10.0 Spellcasting
 - Level 9.1 Summonings
 - Level 4.5 Fire Magic
 - Level 6.3 Air Magic


You had 15 spell levels left.
You knew the following spells:

 Your Spells              Type           Power      Damage    Failure   Level
a - Summon Small Mammal   Summ           100%       N/A       1%          1
b - Call Imp              Summ           100%       N/A       1%          2
c - Call Canine Familiar  Summ           75%        N/A       1%          3
d - Summon Blazeheart Go  Fire/Summ      65%        N/A       1%          4
e - Summon Lightning Spi  Summ/Air       70%        N/A       1%          4
M - Mephitic Cloud        Conj/Alch/Air  36%        N/A       2%          3

Your spell library contained the following spells:

 Spells                   Type           Power      Damage    Failure   Level
 Apportation              Tloc           40%        N/A       1%          1
 Necrotise                Necr           80%        1d8       1%          1
 Sting                    Conj/Alch      80%        1d8       1%          1
 Mercury Vapours          Alch/Air       90%        N/A       1%          2
 Inner Flame              Hex/Fire       38%        N/A       1%          3
 Jinxbite                 Hex            40%        N/A       2%          2
 Lesser Beckoning         Tloc           40%        N/A       2%          2
 Sublimation of Blood     Necr           20%        N/A       2%          2
 Maxwell's Portable Pile  Tloc           20%        2d(7-19)  5%          3
 Teleport Other           Tloc           20%        N/A       5%          3
 Flame Wave               Conj/Fire      38%        2d10      7%          4
 Sticky Flame             Fire/Alch      38%        2d8       7%          4
 Petrify                  Alch/Erth      20%        N/A       17%         4
 Freezing Cloud           Conj/Ice/Air   18%        6-21      21%         5
 Irradiate                Conj/Alch      10%        3d15      43%         5
 Yara's Violent Unravell  Hex/Alch       10%        3d6       43%         5
 Spellforged Servitor     Conj/Summ      27%        N/A       93%         7
 Enfeeble                 Hex            10%        N/A       100%        7
 Orb of Destruction       Conj           10%        9d6       100%        7


Dungeon Overview and Level Annotations

Branches:
Dungeon (13/15)            Temple (0/1) D:6            Lair (2/5) D:11
    Orc (0/2) D:11        Ossuary (visited)
  Swamp: Lair:2-3    Shoals: Lair:2-3     Snake: Lair:2-3    Spider: Lair:2-3
 Vaults: D:13-14

Altars:
Fedhas
Gozag
Hepliaklqana
Kikubaaqudgha
Makhleb
Okawaru
Qazlal
Ru
Vehumet
Wu Jian
The Shining One
Beogh

Shops:
D:3 !   D:9 :

Annotations:
D:2 1 runed translucent door, Crazy Yiuf
D:7 2 transporters


Innate Abilities, Weirdness & Mutations

You cannot wear most types of armour.
You are amphibious.
You can wear up to eight rings at the same time.
Your skin changes colour to match your surroundings (Stealth+).
Your rubbery body absorbs attacks. (AC +1, EV +1)
You sometimes lose the ability to drink potions when taking damage.
You are somewhat unskilled. (-1 Apt)
You are missing an eye, making it more difficult to aim.
You are sensitive to extremes of temperature. (rF-, rC-)
((You are camouflaged when in or above water. (Stealth+)))
You have tentacles for arms and can constrict up to eight enemies at once.
You cannot voluntarily change form.


Message History

The elephant explodes!
The fiery explosion engulfs the elephant!!
The elephant is heavily wounded.
The fiery explosion engulfs your blazeheart golem!
Your blazeheart golem resists.
Your blazeheart golem is almost destroyed.
The fiery explosion engulfs the komodo dragon!
The komodo dragon is almost dead.
The fiery explosion engulfs you! You resist.
The fiery explosion engulfs the skyshark!!!
The skyshark is severely wounded.
The fiery explosion engulfs the elephant!!
The elephant is moderately wounded.
Your blazeheart golem disappears in a puff of smoke!
The elephant tramples you but does no damage.
The elephant barely misses you. The skyshark bites you.
You feel threatened and lose the ability to drink potions!
The skyshark tastes blood and grows stronger!
The skyshark closely misses you. The skyshark tail-slaps you.
You hear a loud, deep croak!
The komodo dragon is engulfed in blazing flames.
You kill the komodo dragon!
Casting: Summon Blazeheart Golem (mildly dangerous; 1% risk of failure)
Confirm with . or Enter, or press ? or * to list all spells.
A fiery spirit appears, bound in slag iron.
The cane toad is engulfed in blazing flames.
The elephant is engulfed in blazing flames.
The skyshark bites you!!
* * * LOW HITPOINT WARNING * * *
The skyshark enters a blood-rage!
The skyshark closely misses you. The skyshark completely misses you.
The elephant tramples you.
* * * LOW HITPOINT WARNING * * *
You hold your ground!
You focus your inner power and illuminate the elephant in retribution!
The elephant trunk-slaps you but does no damage.
The skyshark attacks as it pursues you!
The skyshark bites you but does no damage.
The skyshark tail-slaps you!
You die...
Ru respects your ultimate sacrifice.

............##.#
..........§.####
....##.##..##
.).. ##.#..##
##P# #...§l○# #
##9F...#
###.#§§###
...#.#.##YY##
......9@F.##
..P###/.#.#
####.# ###


You could see a skyshark (berserk), 2 elephants, a komodo dragon (inner flame)
and a friendly blazeheart golem (summoned).

Vanquished Creatures
  2 hydras (D:13)
  A boulder beetle (D:12)
  A centaur warrior (D:13)
  4 two-headed ogres
  Lodul (D:11)
  Pikel (D:4)
  A deep elf pyromancer (D:13)
  2 ugly things
  2 cyclopes
  5 elephants (Lair:2)
  A manticore (D:13)
  Joseph (D:8)
  3 centaur zombies (D:11)
  A black mamba (Lair:2)
  2 gargoyles
  5 cane toads
  A rime drake (D:11)
  6 komodo dragons
  A polar bear (Lair:2)
  A troll (D:13)
  Grinder (D:3)
  2 hornets
  5 blink frogs (Lair:1)
  A slime creature (D:12)
  A wyvern (Lair:2)
  30 yaks
  A warg (D:11)
  3 basilisks
  Edmund (D:4)
  4 water moccasins
  2 acid dragons
  2 orc warriors
  2 ice beasts (D:11)
  2 ogres (D:11)
  15 wolves
  2 centaurs (D:9)
  4 lemures (D:4)
  2 elf zombies (D:7)
  A nameless horror (Ossuary)
  2 kobold brigands
  A weeping skull (Ossuary)
  2 gnoll sergeants
  5 bullfrogs
  2 scorpions
  2 elf skeletons (D:4)
  5 water moccasin zombies (Ossuary)
  2 wights (D:7)
  9 killer bees
  4 hounds
  4 iguanas
  2 orc priests (D:7)
  A boggart zombie (D:11)
  2 human skeletons (D:4)
  Natasha (D:3)
  2 orc wizards
  A scorpion zombie (D:7)
  2 killer bee zombies (D:7)
  An ogre zombie (D:7)
  3 hound zombies (D:7)
  2 mummies (Ossuary)
  A howler monkey zombie (D:7)
  10 gnolls
  4 adders
  A shadow imp (D:7)
  8 adder zombies
  A dart slug (D:1)
  A ribbon worm (D:3)
  6 orcs
  4 endoplasms
  4 giant cockroaches
  4 hobgoblins
  A jackal (D:4)
  3 quokkas
  3 ball pythons
  3 bats
  A frilled lizard (D:2)
  A gnoll zombie (Ossuary)
  2 jackal zombies (Ossuary)
  9 kobolds
  An orc skeleton (D:4)
  3 orc zombies
  A rat (D:3)
250 creatures vanquished.

Vanquished Creatures (collateral kills)
  The ghost of runemasterragnar the Skirmisher, a journeyman CoHu of Okawaru (D:13)
  Sonja (D:10)
  A manticore (D:13)
  A cyclops (D:12)
  An elephant (Lair:2)
  Maurice (D:7)
  3 blink frogs (Lair:1)
  A centaur simulacrum (D:11)
  A wraith (D:11)
  2 slime creatures (D:12)
  2 shadows
  A vampire (D:11)
  9 yaks
  A basilisk (Lair:1)
  A steam dragon (D:6)
  2 water moccasins (Lair:1)
  2 orc warriors
  5 ogres (D:11)
  A centaur (D:5)
  A kobold brigand (D:9)
  3 bullfrogs
  2 water moccasin zombies (Ossuary)
  A scorpion (D:5)
  2 wights (D:7)
  6 killer bees
  A human zombie (D:7)
  2 jellies
  A bombardier beetle (D:5)
  A hound (D:5)
  5 orc priests
  A spectral scorpion (Ossuary)
  A scorpion zombie (D:7)
  3 orc wizards
  A sleepcap (D:6)
  Natasha (twice) (D:3)
  A crocodile zombie (Ossuary)
  A bullfrog simulacrum (Ossuary)
  A hound zombie (D:7)
  6 adders
  2 gnolls (D:13)
  A shadow imp (D:6)
  A white imp (D:7)
  An adder zombie (Ossuary)
  A ribbon worm (D:2)
  2 dart slugs (D:1)
  38 orcs
  4 endoplasms
  A giant cockroach (D:1)
  A gnoll zombie (Ossuary)
  3 goblins
  A hobgoblin (D:1)
  A jackal (D:4)
  A ball python (D:1)
  A bat (D:1)
  A frilled lizard (D:2)
  A jackal zombie (Ossuary)
  12 kobolds
  An orc zombie (Ossuary)
  A rat (D:1)
154 creatures vanquished.

Vanquished Creatures (others)
  A manticore (D:12)
  A yak (D:8)
  A goblin (D:4)
  67 blazeheart cores
70 creatures vanquished.

Grand Total: 474 creatures vanquished

Notes
Turn   | Place    | Note
-------+----------+-------------------------------------------
     0 | D:1      | croobank the Octopode Summoner began the quest for the Orb.
     0 | D:1      | Reached XP level 1. HP: 11/11 MP: 3/3
    42 | D:1      | Found a roughly hewn altar of Beogh.
   125 | D:1      | Found a faded altar of an unknown god.
   128 | D:1      | Prayed at the altar of an unknown god.
   128 | D:1      | Became a worshipper of Ru the Awakened
   131 | D:1      | Gained mutation: You are sensitive to extremes of
                  | temperature. (rF-, rC-) [Ru sacrifice]
   131 | D:1      | Reached * piety under Ru
   131 | D:1      | Reached ** piety under Ru
   197 | D:1      | Reached XP level 2. HP: 15/17 MP: 0/5
   250 | D:1      | Learned a level 2 spell: Call Imp
   544 | D:1      | You fall into a shaft and drop 1 floor!
   890 | D:2      | Reached XP level 3. HP: 21/21 MP: 1/6
   895 | D:2      | Learned a level 3 spell: Call Canine Familiar
  1533 | D:2      | Reached XP level 4. HP: 27/27 MP: 7/7
  1968 | D:2      | Found a runed translucent door.
  1969 | D:2      | Noticed Crazy Yiuf
  2581 | D:3      | Noticed Natasha
  2586 | D:3      | Killed Natasha
  2752 | D:3      | Noticed Natasha
  2763 | D:3      | Killed Natasha
  2764 | D:3      | Reached XP level 5. HP: 20/31 MP: 2/9
  3082 | D:3      | Identified the +0 robe of Refuge {Rampage Str-4 Int+2
                  | Dex+2}
  3135 | D:3      | Reached skill level 3 in Spellcasting
  3143 | D:3      | Found Ocwa's Distillery.
  3157 | D:3      | Bought a potion of degeneration for 11 gold pieces
  3164 | D:3      | Noticed Grinder
  3320 | D:4      | Reached XP level 6. HP: 36/36 MP: 2/10
  3435 | D:4      | Noticed Edmund
  3494 | D:4      | Killed Edmund
  3495 | D:4      | Reached skill level 5 in Stealth
  3495 | D:4      | Reached skill level 5 in Summonings
  3604 | D:4      | Reached XP level 7. HP: 41/41 MP: 12/12
  3604 | D:4      | Found a sand-covered staircase.
  3615 | Ossuary  | Entered an ossuary
  3635 | Ossuary  | Learned a level 4 spell: Summon Blazeheart Golem
  3698 | Ossuary  | Reached skill level 1 in Fire Magic
  3716 | Ossuary  | Reached skill level 4 in Spellcasting
  3826 | Ossuary  | Reached XP level 8. HP: 33/44 MP: 4/14
  3979 | Ossuary  | Gained mutation: You are missing an eye, making it more
                  | difficult to aim. [Ru sacrifice]
  3979 | Ossuary  | Reached *** piety under Ru
  4306 | D:4      | Learned a level 4 spell: Summon Lightning Spire
  4450 | D:4      | Noticed Pikel
  4467 | D:4      | Killed Pikel
  4468 | D:4      | Reached skill level 5 in Dodging
  4468 | D:4      | Reached skill level 1 in Air Magic
  4647 | D:4      | Reached XP level 9. HP: 54/54 MP: 9/16
  4801 | D:4      | Noticed a nameless horror
  5277 | D:5      | Entered Level 5 of the Dungeon
  5355 | D:3      | Noticed Natasha
  5366 | D:3      | Killed Natasha
  5649 | D:3      | Paralysed by Grinder for 5 turns
  5658 | D:3      | Killed Grinder
  6673 | D:5      | Reached skill level 5 in Spellcasting
  7166 | D:7      | Reached skill level 5 in Fire Magic
  7358 | D:7      | Found a transporter.
  7360 | D:7      | Found a transporter.
  7765 | D:6      | Found a staircase to the Ecumenical Temple.
  7784 | D:6      | Reached XP level 10. HP: 65/65 MP: 14/18
  7848 | D:6      | Gained mutation: You occasionally lose the ability to drink
                  | potions when taking damage. [Ru sacrifice]
  7848 | D:6      | Gained mutation: You sometimes lose the ability to drink
                  | potions when taking damage. [Ru sacrifice]
  7848 | D:6      | Reached **** piety under Ru
  8157 | D:7      | Found an ancient bone altar of Kikubaaqudgha.
  8218 | D:7      | Found a roughly hewn altar of Beogh.
  8425 | D:7      | Reached skill level 5 in Fighting
  8582 | D:7      | Noticed Maurice
  8597 | D:7      | Killed Maurice
  9148 | D:8      | Found an ornate altar of the Wu Jian Council.
  9200 | D:8      | Reached skill level 6 in Spellcasting
  9208 | D:8      | Noticed Joseph
  9223 | D:8      | Killed Joseph
  9472 | D:8      | Found a burning altar of Makhleb.
  9659 | D:9      | Noticed a two-headed ogre
  9670 | D:9      | Killed a two-headed ogre
  9671 | D:9      | Reached XP level 11. HP: 46/74 MP: 11/20
  9681 | D:9      | Reached skill level 10 in Stealth
 10223 | D:9      | Found Elyth's Book Shop.
 10816 | D:10     | Entered Level 10 of the Dungeon
 10870 | D:10     | Found a sacrificial altar of Ru.
 10870 | D:10     | Noticed Sonja
 10878 | D:10     | Found a radiant altar of Vehumet.
 10882 | D:10     | Found an iron altar of Okawaru.
 10884 | D:10     | Killed Sonja
 10885 | D:10     | Reached skill level 5 in Air Magic
 10920 | D:10     | Found a hazy altar of Hepliaklqana.
 10920 | D:10     | Found a blossoming altar of Fedhas.
 10922 | D:10     | Found a glowing golden altar of the Shining One.
 10923 | D:10     | Found a stormy altar of Qazlal.
 10927 | D:10     | Found an opulent altar of Gozag.
 10986 | D:10     | Noticed a two-headed ogre
 10998 | D:10     | Killed a two-headed ogre
 11683 | D:11     | Found a staircase to the Orcish Mines.
 11750 | D:11     | Noticed a cyclops
 11755 | D:11     | Noticed a cyan ugly thing
 11764 | D:11     | Killed a cyclops
 11765 | D:11     | Killed a cyan ugly thing
 11907 | D:11     | Gained mutation: You cannot voluntarily change form. [Ru
                  | sacrifice]
 11907 | D:11     | Reached ***** piety under Ru
 11950 | D:11     | Reached skill level 7 in Spellcasting
 12029 | D:11     | Noticed Lodul
 12038 | D:11     | Killed Lodul
 12159 | D:11     | Found a staircase to the Lair.
 12472 | D:11     | Reached XP level 12. HP: 84/84 MP: 17/22
 12657 | D:11     | Noticed a two-headed ogre
 12668 | D:11     | Killed a two-headed ogre
 12902 | D:12     | Noticed a boulder beetle
 12915 | D:12     | Killed a boulder beetle
 13233 | D:12     | Noticed a two-headed ogre
 13240 | D:12     | Killed a two-headed ogre
 13453 | D:13     | Found a runed translucent gate.
 13454 | D:13     | Found a runed translucent gate.
 13454 | D:13     | Found a runed translucent gate.
 13466 | D:13     | Learned a level 3 spell: Mephitic Cloud
 13466 | D:13     | Noticed a ten-headed hydra
 13468 | D:13     | Noticed runemasterragnar's ghost (journeyman CoHu)
 13469 | D:13     | Noticed a ten-headed hydra
 13477 | D:13     | Killed a ten-headed hydra
 13478 | D:13     | Reached skill level 10 in Fighting
 13481 | D:13     | Noticed a centaur warrior
 13492 | D:13     | Killed a centaur warrior
 13493 | D:13     | Reached skill level 8 in Spellcasting
 13939 | D:13     | Killed runemasterragnar's ghost
 13940 | D:13     | Reached XP level 13. HP: 92/92 MP: 16/25
 14102 | D:13     | Reached skill level 10 in Summonings
 14169 | D:13     | Identified the +1 hat of Impatience {rF+}
 14406 | Lair:1   | Entered Level 1 of the Lair of Beasts
 14572 | Lair:1   | Reached skill level 10 in Dodging
 14572 | Lair:1   | Reached skill level 9 in Spellcasting
 14585 | Lair:1   | HP: 1/92 [spore (37)]
 15077 | Lair:1   | Upgraded the game from 0.32-a0-928-g1cae6b7ea0 to
                  | 0.32-a0-931-g5a2cda0630
 15077 | Lair:1   | Gained mutation: You are somewhat unskilled. (-1 Apt) [Ru
                  | sacrifice]
 15077 | Lair:1   | Reduced skill Spellcasting to level 8
 15216 | Lair:1   | Reached skill level 9 in Spellcasting
 15437 | Lair:1   | Identified the +2 mace "Mymuv" {freeze, ^Fragile rC+ MP+9
                  | Dex+3}
 15811 | Lair:1   | Reached skill level 10 in Spellcasting
 16237 | Lair:2   | HP: 2/92 [elephant (14)]
 16241 | Lair:2   | Slain by a skyshark

Illustrated notes

Levels and vault maps discovered:
D:1:      scummos_arrival_gate, layout_rooms,
          hellmonk_ecumenical_altar_defaced_shrine
D:2:      layout_basic, minmay_tetromino_l2, uniq_crazy_yiuf_cottage
D:3:      layout_loops_ring, serial_shops, shop_fountains, uniq_grinder,
          uniq_natasha
D:4:      cheibrodos_helix_gallery, layout_basic,
          nicolae_ossuary_entry_catacombs, uniq_edmund, uniq_pikel
D:5:      layout_basic, nicolae_overflow_hidden_temple
D:6:      cheibrodos_fertilizer, layout_loops_cross, minmay_temple_entry_tees
D:7:      gammafunk_beogh_shrine, layout_rooms, roadster_capsule_ark_zombie,
          uniq_maurice
D:8:      layout_rooms, mainiacjoe_overflow_alcove_1, nzn_wu_jian_council_hall,
          uniq_joseph
D:9:      layout_basic, serial_shops, nicolae_book_shop_shelving,
          nicolae_houndstooth_variations
D:10:     layout_rooms, minitemple, uniq_sonja
D:11:     layout_loops_ring, hellmonk_lair_entry_icy, david_orc_3,
          hangedman_weighted_door, uniq_lodul
D:12:     layout_cave_pools, grunt_ogre_cave
D:13:     layout_cave_pools, gammafunk_ghost_hydra_chop
Lair:1:   wander_river, layout_hall_layers, grunt_megastairs_5,
          infiniplex_staircase_pool_2
Lair:2:   layout_misc_corridors, swamp_mist

Skill      XL: |  1  2  3  4  5  6  7  8  9 10 11 12 13 |
---------------+----------------------------------------+-----
Stealth        | 3 4 5 6 7 8 9 10 9 |  9.1
Dodging        | 3 4 5 6 8 9 9 |  9.9
Spellcasting   | 3 4 5 6 7 8 10 | 10.0
Summonings     | 5 6 7 8 9 9 |  9.1
Fire Magic     | 2 4 5 4 |  4.5
Fighting       | 2 4 6 8 10 9 |  9.9
Air Magic      | 1 3 4 6 7 6 |  6.3

Action                     |  1- 3 |  4- 6 |  7- 9 | 10-12 | 13-15 || total
---------------------------+-------+-------+-------+-------+-------++-------
  Melee: Unarmed           |    15 |       |       |       |       ||    15
         Tentacles         |     5 |    16 |    47 |    34 |    12 ||   114
         Constrict         |     4 |    10 |    36 |    22 |     9 ||    81
         Dagger            |     6 |    34 |       |       |       ||    40
         Short sword       |       |    25 |   203 |   137 |    54 ||   419
   Cast: Summon Small Mamm |    27 |    12 |    16 |     5 |     2 ||    62
         Call Imp          |    10 |     7 |    13 |     7 |     1 ||    38
         Call Canine Famil |     1 |     8 |    12 |     9 |     2 ||    32
         Summon Blazeheart |       |       |    13 |    54 |    23 ||    90
         Summon Lightning  |       |       |     8 |    23 |     8 ||    39
         Mephitic Cloud    |       |       |       |       |     7 ||     7
 Invoke: Sacrifice Resista |     1 |       |       |       |       ||     1
         Draw Out Power    |       |       |     2 |     1 |     1 ||     4
         Sacrifice an Eye  |       |       |     1 |       |       ||     1
         Sacrifice Drink   |       |       |       |     1 |       ||     1
         Sacrifice Forms   |       |       |       |     1 |       ||     1
         Apocalypse        |       |       |       |       |     1 ||     1
         Sacrifice Skill   |       |       |       |       |     1 ||     1
  Evoke: Wand              |       |       |     1 |       |       ||     1
    Use: Scroll            |     3 |     3 |     7 |    10 |     4 ||    27
         Potion            |       |       |     2 |     3 |     1 ||     6
   Stab: Sleeping          |     4 |    17 |    14 |       |     2 ||    37
         Invisible         |       |       |     1 |     2 |       ||     3
         Distracted        |       |       |       |     1 |       ||     1
         Paralysed         |       |       |       |       |     2 ||     2
         Confused          |       |       |       |       |     1 ||     1
 Armour: Skin              |    12 |    27 |   100 |   104 |    54 ||   297
  Dodge: Dodged            |    33 |    17 |   135 |   133 |    99 ||   417

Table legend: (Time is in decaauts)
 A = Elapsed time spent in this place.
 B = Non-inter-level travel time spent in this place.
 C = Inter-level travel time spent in this place.
 D = Time resting spent in this place.
 E = Time spent auto-exploring this place.
 F = Levels seen in this place.
 G = Mean time per level.
                   A        B        C        D        E       F      G
               +--------+--------+--------+--------+--------+-----+--------+
         Total |  16239 |  14921 |   1318 |   2673 |   8839 |  16 | 1014.9 |
       Dungeon |  14420 |  13110 |   1310 |   2198 |   8153 |  13 | 1109.2 |
          Lair |   1384 |   1377 |      7 |    475 |    526 |   2 |  692.0 |
       Ossuary |    434 |    434 |      0 |      0 |    160 |   1 |  434.0 |
               +--------+--------+--------+--------+--------+-----+--------+

Top non-repeatable levels by time:
     D:2: 1807 daAuts
    D:11: 1742 daAuts
     D:3: 1716 daAuts
     D:4: 1591 daAuts
  Lair:1: 1314 daAuts
     D:9: 1189 daAuts
     D:7: 1145 daAuts
     D:5: 919 daAuts
    D:13: 911 daAuts
     D:1: 742 daAuts
    D:10: 721 daAuts
     D:6: 670 daAuts
    D:12: 665 daAuts
     D:8: 597 daAuts
 Ossuary: 434 daAuts
